Map: Disco Bloodbath LE

Players

Kas - Winner!

  • Race: Terran Terran
  • Spawn Location: 3:00

Bistork

  • Race: Protoss Protoss
  • Spawn Location: 9:00

Event: NationWars 2019

VOD

Have the link to the VOD?

Description

Time

  • Played on: Oct. 3, 2019, 1:59 p.m.
  • Length: 10:02
Show
View Real Time Build Order
Export as new Build Order

Kas Terran - Winner!

Build Orders: Liberator Opening 

Get SALT Encoding   

  12  0:02  SCV  
  13  0:14  SCV  
  13  0:18  Supply Depot  
  14  0:26  SCV  
  15  0:40  SCV  
  15  0:41  Barracks  
  16  0:43  Refinery  
  16  0:52  SCV  
  17  1:06  SCV  
  18  1:21  SCV  
  19  1:28  Marine  
  20  1:33  Orbital Command  
  20  1:43  Command Center  
  20  1:48  Barracks Reactor  
  20  1:52  Supply Depot  
  20  2:00  SCV  
  21  2:08  Factory  
  21  2:12  SCV  
  22  2:16  Refinery  
  22  2:24  SCV  
  22  2:25  Marine  
  22  2:26  Marine  
  25  2:37  SCV  
  25  2:43  Marine x2  
  28  2:49  SCV  
  29  2:53  Starport  
  29  2:54  Widow Mine  
  29  2:55  Orbital Command  
  31  3:01  Marine x2  
  31  3:02  SCV  
  34  3:14  SCV  
  34  3:17  Widow Mine  
  34  3:19  Marine x2  
  39  3:22  SCV  
  39  3:24  Supply Depot  
  39  3:26  SCV  
  41  3:30  Medivac  
  43  3:34  SCV  
  43  3:38  Widow Mine  
  46  3:41  Supply Depot  
  46  3:46  Liberator, SCV x2, Marine x2  
  50  3:49  Supply Depot  
  50  3:58  SCV x2  
  50  4:01  Factory Tech Lab  
  52  4:09  Marine x2  
  56  4:10  SCV  
  56  4:12  Supply Depot  
  58  4:18  SCV  
  58  4:20  Siege Tank  
  58  4:24  SCV  
  63  4:27  Marine x2  
  63  4:30  SCV  
  63  4:31  Supply Depot  
  66  4:37  SCV  
  67  4:45  SCV, Marine x2  
  70  4:49  SCV  
  69  4:55  Siege Tank  
  72  5:00  Command Center  
  72  5:01  Viking  
  72  5:03  Supply Depot, Marine x2  
  76  5:07  Bunker  
  76  5:09  SCV  
  76  5:12  SCV  
  78  5:16  Barracks  
  78  5:18  Barracks  
  78  5:21  SCV, Marine x2  
  81  5:24  SCV  
  82  5:29  Engineering Bay  
  82  5:30  Supply Depot  
  82  5:31  Refinery  
  82  5:34  Siege Tank  
  85  5:38  Marine  
  85  5:39  SCV  
  87  5:49  SCV  
  88  5:50  Refinery  
  88  5:58  Marine x2  
  91  6:04  SCV  
  86  6:15  SCV  
  86  6:16  SCV, Marine  
  86  6:17  Orbital Command  
  87  6:23  Barracks Tech Lab  
  84  6:27  SCV  
  84  6:28  SCV, Marine  
  87  6:39  SCV  
  84  6:41  Stimpack, SCV, Starport Reactor, Marauder, Combat Shield  
  84  6:43  Marauder  
  84  6:45  Terran Infantry Weapons Level 1  
  84  6:46  Barracks, Marine  
  88  6:48  Barracks, SCV, Marine  
  88  6:49  Factory Reactor  
  88  6:53  SCV  
  91  7:00  Missile Turret  
  91  7:02  SCV x2  
  91  7:03  Marauder  
  91  7:04  Marine  
  91  7:05  Marauder  
  91  7:06  Marine  
  99  7:12  SCV  
  99  7:13  Armory  
  99  7:15  SCV  
  101  7:16  Engineering Bay  
  101  7:17  Medivac x2  
  104  7:23  Missile Turret  
  104  7:24  SCV  
  104  7:28  Marine, Widow Mine x2  
  104  7:29  Marauder x2, Marine  
  114  7:33  Barracks Tech Lab  
  113  7:44  Orbital Command  
  113  7:45  Missile Turret  
  113  7:50  Marauder x2  
  115  7:52  Barracks Reactor, Widow Mine  
  117  8:03  Supply Depot  
  117  8:04  Supply Depot  
  117  8:05  Supply Depot  
  117  8:11  Ghost Academy  
  117  8:14  SCV  
  117  8:23  SCV x2, Medivac x2, Marine x2  
  117  8:25  Marauder x3, Widow Mine  
  117  8:26  SCV, Refinery, Sensor Tower  
  134  8:27  Refinery  
  134  8:30  Marine x2, Widow Mine  
  136  8:35  SCV  
  137  8:41  Marine  
  137  8:45  SCV x2  
  137  8:46  Marauder x3, Widow Mine  
  148  8:48  Missile Turret  
  148  8:50  Marine  
  148  8:54  Supply Depot  
  148  8:55  Supply Depot x2  
  149  8:57  Supply Depot  
  149  8:58  Marine x2  
  151  9:08  Marauder x3  
  140  9:23  Orbital Command  
  140  9:24  Marine x3  
  127  9:29  Marauder x3  
  127  9:30  Marine  
  133  9:31  Medivac  
  133  9:32  Medivac  
  137  9:42  Marine  
Show
View Real Time Build Order
Export as new Build Order

Bistork Protoss 

Build Orders: 1 Gate Expand, Blink Stalkers 

Get SALT Encoding   

  12  0:01  Probe  
  13  0:13  Probe  
  14  0:18  Pylon  
  14  0:25  Probe  
  15  0:37  Probe (Chrono Boost)  
  15  0:40  Gateway  
  16  0:47  Assimilator  
  16  0:48  Probe (Chrono Boost)  
  17  0:52  Probe (Chrono Boost)  
  18  1:03  Probe  
  19  1:15  Probe  
  20  1:25  Nexus  
  20  1:37  Cybernetics Core  
  20  1:39  Probe  
  21  1:47  Assimilator  
  21  1:51  Probe  
  21  2:01  Pylon  
  21  2:03  Probe  
  22  2:15  Probe, Warp Gate  
  22  2:17  Adept (Chrono Boost)  
  25  2:24  Twilight Council  
  25  2:28  Probe (Chrono Boost)  
  26  2:32  Stalker (Chrono Boost)  
  26  2:38  Probe (Chrono Boost)  
  30  2:46  Probe (Chrono Boost)  
  30  2:48  Probe (Chrono Boost)  
  31  2:53  Probe x2 (Chrono Boost)  
  33  2:59  Blink (Chrono Boost)  
  33  3:04  Probe  
  33  3:05  Probe  
  35  3:14  Stalker  
  35  3:16  Probe  
  38  3:20  Probe  
  38  3:24  Robotics Facility  
  38  3:26  Gateway  
  39  3:30  Probe  
  39  3:33  Gateway  
  40  3:35  Probe  
  41  3:45  Gateway  
  41  3:47  Gateway  
  41  3:51  Probe  
  41  3:52  Probe  
  43  3:55  Pylon  
  43  3:58  Pylon  
  43  4:05  Stalker  
  43  4:06  Probe  
  46  4:13  Gateway  
  46  4:14  Probe  
  47  4:17  Warp Prism (Chrono Boost)  
  49  4:34  Pylon  
  49  4:37  Stalker x2  
  49  4:38  Stalker  
  55  4:40  Stalker  
  53  5:08  Observer (Chrono Boost)  
  53  5:10  Stalker x3  
  53  5:11  Stalker  
  53  5:13  Stalker  
  63  5:30  Stalker  
  63  5:47  Stalker x2  
  43  6:16  Probe x2  
  39  6:18  Stalker x2  
  39  6:19  Stalker  
  45  6:28  Probe (Chrono Boost)  
  47  6:33  Probe (Chrono Boost)  
  47  6:39  Probe (Chrono Boost)  
  45  6:43  Probe (Chrono Boost)  
  47  6:47  Probe (Chrono Boost)  
  47  6:51  Probe (Chrono Boost)  
  47  6:54  Stalker x3, Probe (Chrono Boost)  
  49  6:56  Probe (Chrono Boost)  
  49  6:59  Stalker  
  49  7:01  Probe  
  58  7:07  Probe  
  60  7:12  Pylon  
  60  7:13  Probe  
  61  7:24  Probe  
  61  7:28  Probe, Assimilator  
  63  7:33  Assimilator  
  63  7:36  Probe  
  63  7:37  Dark Shrine  
  64  7:40  Probe  
  65  7:48  Probe  
  66  7:52  Probe  
  67  8:00  Probe  
  67  8:02  Stalker x5  
  78  8:08  Observer  
  78  8:23  Pylon x2  
  78  8:28  Pylon  
  78  8:30  Pylon  
  78  8:32  Probe x2  
  74  8:45  Probe x2  
  74  8:48  Nexus, Dark Templar  
  74  8:49  Dark Templar x3  
  74  8:51  Pylon  
  80  9:07  Observer  
  78  9:18  Stalker x2  
  78  9:21  Warp Prism (Chrono Boost)  
Tags
 
Add a new tag
Caveats
  • Supply blocks, unpowered buildings, or Contaminate may cause inaccurate times.
  • Supply counts are checked every 10 seconds.